Rangers vs Penguins

Created - 3 mai 2019 at 21:16

Goals
1 2 3 OT1 T
Rangers 1 0 0 1 2
Penguins 0 0 1 0 1
Shots
1 2 3 OT1 T
Rangers 20 5 6 19 50
Penguins 6 11 11 3 31

1st period

1. Rangers , Vincent Trocheck 1 (Alexander Radulov 1, Nick Leddy 1) at 5:10

Penalties :
Andrei Vasilevskiy (NYR) for Delaying the game (Minor) at 11:06 - Jamie McGinn served the penalty.

2nd period

No Goal

Penalties :
Joel Edmundson (NYR) for High sticking (Minor) at 4:04, Noel Acciari (NYR) for Tripping (Minor) at 18:14

3rd period

2. Penguins , Mark Giordano 1 (Nathan MacKinnon 1) at 17:28 (PP)

Penalties :
Cedric Paquette (NYR) for Slashing (Minor) at 16:33

Overtime #1

3. Rangers , Alex Goligoski 1 (Vincent Trocheck 1, Anthony Mantha 1) at 13:41 (PP)

Penalties :
Jeff Petry (PIT) for Holding (Minor) at 12:10

Goalie Stats

Andrei Vasilevskiy (NYR), 30 saves from 31 shots - (0.968), W, 2-0-0, 73:42 minutes
Connor Hellebuyck (PIT), 48 saves from 50 shots - (0.960), OTL, 0-1-1, 73:42 minutes

Players Stats for Rangers

Player Name              G  A  P  +/- PIM S  H  SB GA TA FO     MP     PP MP  PK MP  
------------------------------------------------------------------------------------
Alex Goligoski           1  0  1   0  0   6  2  6  0  0  0/0    30:19   0:48   3:45 
Alexander Radulov        0  1  1   1  0   4  1  0  0  0  3/5    21:13   0:48   0:00 
Alexei Emelin            0  0  0   0  0   0  0  4  0  0  0/0    20:49   0:00   3:42 
Anthony Mantha           0  1  1   1  0   1  0  0  0  0  1/1    21:00   0:48   0:00 
Benoit Pouliot           0  0  0   0  0   1  1  0  0  0  0/2    10:46   0:00   0:21 
Cedric Paquette          0  0  0   0  2   2  0  0  0  0  1/2    15:09   0:00   0:00 
Connor McDavid           0  0  0   0  0   4  1  0  0  0  12/24  28:08   0:43   4:53 
James Neal               0  0  0   0  0   0  0  0  0  0  1/2    20:34   0:43   0:00 
Jamie McGinn             0  0  0   0  0   1  2  0  0  0  2/3    10:25   0:00   0:00 
Joel Edmundson           0  0  0   0  2   0  2  1  0  0  0/0    17:09   0:00   0:03 
Mark Letestu             0  0  0   0  0   1  0  0  0  0  2/12   10:25   0:00   0:00 
Matt Niskanen            0  0  0   0  0   1  4  1  0  0  0/0    25:43   0:48   0:00 
Michael Del Zotto        0  0  0   1  0   1  1  2  0  0  0/0    26:16   0:43   3:07 
Nick Bonino              0  0  0   0  0   6  0  0  0  0  17/19  17:09   0:00   1:59 
Nick Leddy               0  1  1   1  0   1  2  0  0  0  0/0    27:07   0:43   3:07 
Noel Acciari             0  0  0   0  2   0  2  0  0  0  1/1    10:20   0:00   1:38 
Ondrej Palat             0  0  0   0  0   6  0  0  0  0  1/2    20:34   0:43   0:00 
Vincent Trocheck         1  1  2   1  0   15 2  0  0  0  21/33  28:29   0:48   4:53 

Players Stats for Penguins

Player Name              G  A  P  +/- PIM S  H  SB GA TA FO     MP     PP MP  PK MP  
------------------------------------------------------------------------------------
Adrian Kempe             0  0  0   0  0   0  1  0  0  0  7/15   15:07   0:00   0:00 
Clayton Keller           0  0  0   0  0   0  0  0  0  0  0/2    18:53   2:57   0:26 
Cody Ceci                0  0  0   0  0   0  3  1  0  0  0/0    16:44   0:00   0:14 
Darren Archibald         0  0  0   0  0   0  0  0  0  0  0/0     0:00   0:00   0:00 
David Perron             0  0  0   0  0   2  3  0  0  0  0/1    27:52   3:55   0:00 
Jeff Petry               0  0  0   0  2   2  4  2  0  0  0/0    27:17   4:03   0:00 
Jonathan Huberdeau       0  0  0  -1  0   4  1  1  0  0  0/0    22:19   0:00   0:00 
Kevin Labanc             0  0  0   0  0   1  1  0  0  0  0/1     3:56   0:00   0:00 
Mark Giordano            1  0  1  -1  0   7  3  3  0  0  0/0    29:40   2:49   1:17 
Max Domi                 0  0  0   0  0   1  1  0  0  0  1/2    15:07   0:00   0:00 
Nathan MacKinnon         0  1  1  -1  0   5  3  0  0  0  16/39  29:15   2:57   0:26 
Nikita Kucherov          0  0  0  -1  0   1  1  0  0  0  0/1    26:21   2:57   1:05 
Olli Maatta              0  0  0   0  0   1  1  1  0  0  0/0    16:30   0:00   0:00 
Phil Kessel              0  0  0   0  0   2  0  0  0  0  2/5    27:52   3:55   0:00 
Pierre-Luc Dubois        0  0  0   0  0   0  0  0  0  0  15/32  27:52   3:55   0:00 
Ryan Ellis               0  0  0   0  0   4  0  1  0  0  0/0    27:58   4:03   0:40 
Ryan Suter               0  0  0  -1  0   1  1  2  0  0  0/0    29:14   2:49   0:51 
Tim Schaller             0  0  0   0  0   0  0  0  0  0  3/8     5:01   0:00   1:05 

3 Stars

1 - Connor Hellebuyck (PIT)
2 - Vincent Trocheck (NYR)
3 - Andrei Vasilevskiy (NYR)

Power Play

Rangers - 1 on 1 Attempt(s) - 100.00%
Penguins - 1 on 4 Attempt(s) - 25.00%

Penalty Kill

Rangers - 3 on 4 Attempt(s) - 75.00% - Score 0 goal in Penalty Kill
Penguins - 0 on 1 Attempt(s) - 0.00% - Score 0 goal in Penalty Kill

Team Stat

Rangers - Hits : 20 - Faceoff Wins : 62 - Blocked Shots : 14 - Penalty Minutes : 8
Penguins - Hits : 23 - Faceoff Wins : 44 - Blocked Shots : 11 - Penalty Minutes : 2

Official

Referees : Francis Charron and Rob Martell
Linesman : Steve Miller and Bryan Pancich

Game Notes

Noel Acciari is injured at 3:57 of 3rd period (Sports Hernia)

Finance

Level 1 -- Attendance: 5788 (89.05%) -- Ticket Income 677 196 $
Level 2 -- Attendance: 5000 (100.00%) -- Ticket Income 400 000 $
Level 3 -- Attendance: 3138 (89.66%) -- Ticket Income 194 556 $
Level 4 -- Attendance: 2387 (100.00%) -- Ticket Income 100 254 $
Luxury Box -- Attendance: 1000 (100.00%) -- Ticket Income 225 000 $
Game was played at the Consol Energy Center.
Total Attendance: 17313 (94.16%)
Total Ticket Income: 1 597 006 $
Other Income: 782 533 $
Total Income: 2 379 539 $

% Time on Ice - Rangers

Lines # - Real PCT - Wanted PCT - Time Play
Normal Forward
1 - 30% - 36% - 19:51
2 - 30% - 34% - 19:53
3 - 23% - 20% - 15:10
4 - 16% - 10% - 10:25
Normal Defense
1 - 38% - 43% - 24:55
2 - 34% - 32% - 22:26
3 - 26% - 20% - 17:07
4 - 1% - 5% - 0:51
PP Forward
1 - 47% - 55% - 0:43
2 - 53% - 45% - 0:48
PP Defense
1 - 53% - 55% - 0:48
2 - 47% - 45% - 0:43
PK Forward
1 - 71% - 55% - 4:53
2 - 29% - 45% - 1:59
PK Defense
1 - 55% - 55% - 3:45
2 - 45% - 45% - 3:07
PK3 Forward
1 - 0% - 60%
2 - 0% - 40%
PK3 Defense
1 - 0% - 60%
2 - 0% - 40%
44 Forward
1 - 0% - 60%
2 - 0% - 40%
44 Defense
1 - 0% - 60%
2 - 0% - 40%
Last Minute Offensive  - 0:00
Last Minute Defensive  - 0:00
Total
Forward - 73:42
Defense - 73:42

% Time on Ice - Penguins

Lines # - Real PCT - Wanted PCT - Time Play
Normal Forward
1 - 34% - 37% - 22:19
2 - 37% - 35% - 23:57
3 - 23% - 20% - 15:07
4 - 6% - 8% - 3:56
Normal Defense
1 - 39% - 40% - 25:34
2 - 36% - 35% - 23:15
3 - 25% - 25% - 16:30
4 - 0% - 0% - 0:00
PP Forward
1 - 43% - 60% - 2:57
2 - 57% - 40% - 3:55
PP Defense
1 - 41% - 60% - 2:49
2 - 59% - 40% - 4:03
PK Forward
1 - 71% - 60% - 1:05
2 - 29% - 40% - 0:26
PK Defense
1 - 56% - 60% - 0:51
2 - 44% - 40% - 0:40
PK3 Forward
1 - 0% - 60%
2 - 0% - 40%
PK3 Defense
1 - 0% - 60%
2 - 0% - 40%
44 Forward
1 - 0% - 60%
2 - 0% - 40%
44 Defense
1 - 0% - 60%
2 - 0% - 40%
Last Minute Offensive  - 0:00
Last Minute Defensive  - 0:00
Total
Forward - 73:42
Defense - 73:42

Play-by-Play

1st period


0:01 of 1st period - Ondrej Palat wins face-off versus Nathan MacKinnon in neutral zone.
0:25 of 1st period - Shot by Nikita Kucherov.
0:25 of 1st period - Shot Misses the Net.
0:52 of 1st period - Icing by Matt Niskanen.
0:53 of 1st period - Connor McDavid wins face-off versus Pierre-Luc Dubois in Rangers zone.
1:14 of 1st period - Shot by Alexander Radulov.
1:14 of 1st period - Stopped by Connor Hellebuyck without a rebound.
1:15 of 1st period - Adrian Kempe wins face-off versus Cedric Paquette in Penguins zone.
2:58 of 1st period - Shot by Vincent Trocheck.
2:58 of 1st period - Stopped by Connor Hellebuyck without a rebound.
2:59 of 1st period - Nathan MacKinnon wins face-off versus Jamie McGinn in Penguins zone.
3:01 of 1st period - Icing by Jonathan Huberdeau.
3:02 of 1st period - Nathan MacKinnon wins face-off versus Mark Letestu in Penguins zone.
3:15 of 1st period - Shot by Jamie McGinn.
3:15 of 1st period - Stopped by Connor Hellebuyck with a rebound.
3:21 of 1st period - Shot by Alex Goligoski.
3:21 of 1st period - Stopped by Connor Hellebuyck without a rebound.
3:22 of 1st period - Vincent Trocheck wins face-off versus Adrian Kempe in Penguins zone.
3:33 of 1st period - Shot by Vincent Trocheck.
3:33 of 1st period - Stopped by Connor Hellebuyck without a rebound.
3:34 of 1st period - Connor McDavid wins face-off versus Nikita Kucherov in Penguins zone.
3:37 of 1st period - Shot by Connor McDavid.
3:37 of 1st period - Stopped by Connor Hellebuyck without a rebound.
3:38 of 1st period - Pierre-Luc Dubois wins face-off versus Vincent Trocheck in Penguins zone.
3:38 of 1st period - Jeff Petry is hit by Vincent Trocheck and loses puck.
3:48 of 1st period - Pierre-Luc Dubois is hit by Nick Leddy and loses puck.
3:56 of 1st period - Off-side.
3:57 of 1st period - Nathan MacKinnon wins face-off versus Connor McDavid in neutral zone.
4:16 of 1st period - Shot by Nathan MacKinnon.
4:16 of 1st period - Shot Hit the Post.
4:26 of 1st period - Shot by James Neal.
4:26 of 1st period - Shot Misses the Net.
4:38 of 1st period - Shot by Connor McDavid.
4:38 of 1st period - Shot Misses the Net.
4:50 of 1st period - Shot by Michael Del Zotto.
4:50 of 1st period - Shot Misses the Net.
4:52 of 1st period - Shot by Vincent Trocheck.
4:52 of 1st period - Stopped by Connor Hellebuyck with a rebound.
4:54 of 1st period - Shot by Vincent Trocheck.
4:54 of 1st period - Shot Misses the Net.
4:56 of 1st period - Shot by Anthony Mantha.
4:56 of 1st period - Shot Misses the Net.
5:08 of 1st period - Shot by Alexander Radulov.
5:08 of 1st period - Shot Blocked by Mark Giordano.
5:10 of 1st period - Shot by Vincent Trocheck.
5:10 of 1st period - Goal by Vincent Trocheck - Rangers : 1 - Penguins : 0.
5:11 of 1st period - Pierre-Luc Dubois wins face-off versus Mark Letestu in neutral zone.
5:11 of 1st period - Pierre-Luc Dubois is hit by Jamie McGinn.
5:14 of 1st period - Olli Maatta is hit by Joel Edmundson and loses puck.
5:19 of 1st period - Shot by David Perron.
5:19 of 1st period - Stopped by Andrei Vasilevskiy without a rebound.
5:20 of 1st period - Adrian Kempe wins face-off versus Nick Bonino in Rangers zone.
5:33 of 1st period - Shot by Max Domi.
5:33 of 1st period - Shot Blocked by Alexei Emelin.
5:45 of 1st period - Shot by Max Domi.
5:45 of 1st period - Shot Misses the Net.
5:47 of 1st period - Shot by Ryan Ellis.
5:47 of 1st period - Stopped by Andrei Vasilevskiy without a rebound.
5:48 of 1st period - Pierre-Luc Dubois wins face-off versus Alexander Radulov in Rangers zone.
7:04 of 1st period - Shot by Ondrej Palat.
7:04 of 1st period - Stopped by Connor Hellebuyck without a rebound.
7:05 of 1st period - Jamie McGinn wins face-off versus Tim Schaller in Penguins zone.
7:12 of 1st period - Shot by Benoit Pouliot.
7:12 of 1st period - Stopped by Connor Hellebuyck without a rebound.
7:13 of 1st period - Nick Bonino wins face-off versus Nathan MacKinnon in Penguins zone.
7:16 of 1st period - Shot by Cedric Paquette.
7:16 of 1st period - Stopped by Connor Hellebuyck without a rebound.
7:17 of 1st period - James Neal wins face-off versus Tim Schaller in Penguins zone.
7:17 of 1st period - Connor McDavid is hit by Jeff Petry and loses puck.
7:34 of 1st period - Shot by James Neal.
7:34 of 1st period - Shot Misses the Net.
7:49 of 1st period - Shot by Kevin Labanc.
7:49 of 1st period - Stopped by Andrei Vasilevskiy without a rebound.
7:50 of 1st period - Adrian Kempe wins face-off versus Mark Letestu in Rangers zone.
7:57 of 1st period - Shot by Mark Letestu.
7:57 of 1st period - Stopped by Connor Hellebuyck without a rebound.
7:58 of 1st period - Vincent Trocheck wins face-off versus Adrian Kempe in Penguins zone.
7:59 of 1st period - Shot by Alexander Radulov.
7:59 of 1st period - Stopped by Connor Hellebuyck without a rebound.
8:00 of 1st period - Nathan MacKinnon wins face-off versus Vincent Trocheck in Penguins zone.
8:00 of 1st period - Nathan MacKinnon is hit by Alexander Radulov.
8:40 of 1st period - Off-side.
8:41 of 1st period - Adrian Kempe wins face-off versus Connor McDavid in neutral zone.
8:52 of 1st period - Ondrej Palat is hit by Max Domi and loses puck.
9:22 of 1st period - Icing by Ondrej Palat.
9:23 of 1st period - Phil Kessel wins face-off versus Connor McDavid in Rangers zone.
9:32 of 1st period - Shot by Phil Kessel.
9:32 of 1st period - Stopped by Andrei Vasilevskiy without a rebound.
9:33 of 1st period - Nathan MacKinnon wins face-off versus Nick Bonino in Rangers zone.
9:39 of 1st period - Jonathan Huberdeau is hit by Matt Niskanen and loses puck.
9:50 of 1st period - Shot by Jonathan Huberdeau.
9:50 of 1st period - Deflect By Nikita Kucherov.
9:50 of 1st period - Shot Misses the Net.
9:52 of 1st period - Shot by Ryan Suter.
9:52 of 1st period - Shot Hit the Post.
9:54 of 1st period - Shot by Ryan Suter.
9:54 of 1st period - Shot Misses the Net.
10:42 of 1st period - Shot by Alexei Emelin.
10:42 of 1st period - Shot Misses the Net.
11:06 of 1st period - Shot by Phil Kessel.
11:06 of 1st period - Stopped by Andrei Vasilevskiy without a rebound.
11:06 of 1st period - Minor Penalty to Andrei Vasilevskiy for Delaying the game.
11:07 of 1st period - Vincent Trocheck wins face-off versus Nathan MacKinnon in Rangers zone.
11:56 of 1st period - Shot by Mark Giordano.
11:56 of 1st period - Stopped by Andrei Vasilevskiy without a rebound.
11:57 of 1st period - Vincent Trocheck wins face-off versus Pierre-Luc Dubois in Rangers zone.
12:25 of 1st period - Icing by Ryan Ellis.
12:26 of 1st period - Nick Bonino wins face-off versus Pierre-Luc Dubois in Penguins zone.
12:54 of 1st period - Icing by Jeff Petry.
12:55 of 1st period - Pierre-Luc Dubois wins face-off versus Vincent Trocheck in Penguins zone.
13:16 of 1st period - Shot by Max Domi.
13:16 of 1st period - Shot Blocked by Alex Goligoski.
13:25 of 1st period - Alex Goligoski is hit by Cody Ceci and loses puck.
13:40 of 1st period - Shot by Mark Letestu.
13:40 of 1st period - Shot Misses the Net.
13:42 of 1st period - Shot by Matt Niskanen.
13:42 of 1st period - Shot Blocked by Cody Ceci.
14:04 of 1st period - Shot by Nick Bonino.
14:04 of 1st period - Stopped by Connor Hellebuyck without a rebound.
14:05 of 1st period - Vincent Trocheck wins face-off versus Nathan MacKinnon in Penguins zone.
14:06 of 1st period - Shot by Alexander Radulov.
14:06 of 1st period - Stopped by Connor Hellebuyck without a rebound.
14:07 of 1st period - Vincent Trocheck wins face-off versus Nathan MacKinnon in Penguins zone.
14:10 of 1st period - Shot by Vincent Trocheck.
14:10 of 1st period - Stopped by Connor Hellebuyck without a rebound.
14:11 of 1st period - Nathan MacKinnon wins face-off versus Vincent Trocheck in Penguins zone.
15:15 of 1st period - Shot by Ondrej Palat.
15:15 of 1st period - Stopped by Connor Hellebuyck without a rebound.
15:16 of 1st period - Nick Bonino wins face-off versus Phil Kessel in Penguins zone.
15:28 of 1st period - Icing by Ryan Suter.
15:29 of 1st period - Pierre-Luc Dubois wins face-off versus Connor McDavid in Penguins zone.
15:34 of 1st period - Shot by David Perron.
15:34 of 1st period - Deflect By Pierre-Luc Dubois.
15:34 of 1st period - Shot Blocked by Alex Goligoski.
15:43 of 1st period - Phil Kessel is hit by Matt Niskanen and loses puck.
16:26 of 1st period - Icing by Anthony Mantha.
16:27 of 1st period - Vincent Trocheck wins face-off versus Nathan MacKinnon in Rangers zone.
16:27 of 1st period - Vincent Trocheck is hit by Jeff Petry.
16:58 of 1st period - Shot by Vincent Trocheck.
16:58 of 1st period - Stopped by Connor Hellebuyck with a rebound.
17:24 of 1st period - Nathan MacKinnon is hit by Noel Acciari and loses puck.
17:58 of 1st period - Clayton Keller is hit by Joel Edmundson and loses puck.
18:10 of 1st period - Icing by Alexei Emelin.
18:11 of 1st period - Nick Bonino wins face-off versus David Perron in Rangers zone.
18:11 of 1st period - Nick Bonino is hit by David Perron.
18:20 of 1st period - Off-side.
18:21 of 1st period - Connor McDavid wins face-off versus Phil Kessel in neutral zone.
18:21 of 1st period - Connor McDavid is hit by David Perron.
18:32 of 1st period - Icing by Ryan Suter.
18:33 of 1st period - Pierre-Luc Dubois wins face-off versus Alexander Radulov in Penguins zone.
19:06 of 1st period - Shot by Vincent Trocheck.
19:06 of 1st period - Shot Misses the Net.
19:08 of 1st period - Shot by Anthony Mantha.
19:08 of 1st period - Deflect By Vincent Trocheck.
19:08 of 1st period - Stopped by Connor Hellebuyck without a rebound.
19:09 of 1st period - Connor McDavid wins face-off versus Nathan MacKinnon in Penguins zone.
19:14 of 1st period - Shot by Connor McDavid.
19:14 of 1st period - Stopped by Connor Hellebuyck without a rebound.
19:15 of 1st period - Tim Schaller wins face-off versus Connor McDavid in Penguins zone.
Goals for this period are 1 for Rangers vs 0 for Penguins.
Shots for this period are 20 for Rangers vs 6 for Penguins.

2nd period


0:01 of 2nd period - Pierre-Luc Dubois wins face-off versus Connor McDavid in neutral zone.
0:05 of 2nd period - Off-side.
0:06 of 2nd period - Phil Kessel wins face-off versus Ondrej Palat in neutral zone.
0:37 of 2nd period - Shot by Mark Giordano.
0:37 of 2nd period - Stopped by Andrei Vasilevskiy without a rebound.
0:38 of 2nd period - Alexander Radulov wins face-off versus Nathan MacKinnon in Rangers zone.
0:40 of 2nd period - Icing by Nick Leddy.
0:41 of 2nd period - Vincent Trocheck wins face-off versus Nathan MacKinnon in Rangers zone.
1:00 of 2nd period - Shot by Nikita Kucherov.
1:00 of 2nd period - Deflect By Jonathan Huberdeau.
1:00 of 2nd period - Stopped by Andrei Vasilevskiy without a rebound.
1:01 of 2nd period - Connor McDavid wins face-off versus Pierre-Luc Dubois in Rangers zone.
1:25 of 2nd period - Off-side.
1:26 of 2nd period - Vincent Trocheck wins face-off versus Nathan MacKinnon in neutral zone.
1:28 of 2nd period - Alexander Radulov is hit by Jonathan Huberdeau and loses puck.
1:36 of 2nd period - Nick Leddy is hit by Nathan MacKinnon and loses puck.
1:47 of 2nd period - Shot by Alexander Radulov.
1:47 of 2nd period - Stopped by Connor Hellebuyck without a rebound.
1:48 of 2nd period - Connor McDavid wins face-off versus Pierre-Luc Dubois in Penguins zone.
1:59 of 2nd period - Shot by Ondrej Palat.
1:59 of 2nd period - Stopped by Connor Hellebuyck without a rebound.
2:00 of 2nd period - Vincent Trocheck wins face-off versus Nathan MacKinnon in Penguins zone.
2:00 of 2nd period - Vincent Trocheck is hit by Mark Giordano.
2:28 of 2nd period - Mark Giordano is hit by Vincent Trocheck and loses puck.
2:34 of 2nd period - Jonathan Huberdeau is hit by Nick Leddy and loses puck.
2:37 of 2nd period - Shot by Nathan MacKinnon.
2:37 of 2nd period - Shot Blocked by Michael Del Zotto.
2:39 of 2nd period - Shot by Ryan Suter.
2:39 of 2nd period - Shot Blocked by Michael Del Zotto.
2:41 of 2nd period - Shot by Mark Giordano.
2:41 of 2nd period - Stopped by Andrei Vasilevskiy without a rebound.
2:42 of 2nd period - Connor McDavid wins face-off versus Pierre-Luc Dubois in Rangers zone.
4:04 of 2nd period - Minor Penalty to Joel Edmundson for High sticking.
4:05 of 2nd period - Vincent Trocheck wins face-off versus Nathan MacKinnon in Rangers zone.
4:18 of 2nd period - Shot by Nathan MacKinnon.
4:18 of 2nd period - Deflect By Nikita Kucherov.
4:18 of 2nd period - Stopped by Andrei Vasilevskiy without a rebound.
4:19 of 2nd period - Nick Bonino wins face-off versus Pierre-Luc Dubois in Rangers zone.
4:19 of 2nd period - Nick Bonino is hit by David Perron.
4:25 of 2nd period - Shot by Ryan Suter.
4:25 of 2nd period - Stopped by Andrei Vasilevskiy without a rebound.
4:26 of 2nd period - Nathan MacKinnon wins face-off versus Vincent Trocheck in Rangers zone.
4:41 of 2nd period - Nick Leddy is hit by Nathan MacKinnon and loses puck.
4:59 of 2nd period - Nikita Kucherov is hit by Michael Del Zotto and loses puck.
5:42 of 2nd period - Shot by Phil Kessel.
5:42 of 2nd period - Shot Blocked by Alex Goligoski.
5:44 of 2nd period - Shot by Jeff Petry.
5:44 of 2nd period - Stopped by Andrei Vasilevskiy without a rebound.
5:45 of 2nd period - Vincent Trocheck wins face-off versus Pierre-Luc Dubois in Rangers zone.
7:19 of 2nd period - Vincent Trocheck is hit by Mark Giordano and loses puck.
8:09 of 2nd period - Shot by Jeff Petry.
8:09 of 2nd period - Stopped by Andrei Vasilevskiy without a rebound.
8:10 of 2nd period - Nick Bonino wins face-off versus Nathan MacKinnon in Rangers zone.
8:28 of 2nd period - Shot by Nick Bonino.
8:28 of 2nd period - Stopped by Connor Hellebuyck without a rebound.
8:29 of 2nd period - Pierre-Luc Dubois wins face-off versus James Neal in Penguins zone.
9:06 of 2nd period - Shot by David Perron.
9:06 of 2nd period - Shot Blocked by Alex Goligoski.
9:35 of 2nd period - Noel Acciari is hit by Jeff Petry and loses puck.
10:47 of 2nd period - Shot by Jonathan Huberdeau.
10:47 of 2nd period - Stopped by Andrei Vasilevskiy with a rebound.
10:49 of 2nd period - Shot by Nathan MacKinnon.
10:49 of 2nd period - Deflect By Jonathan Huberdeau.
10:49 of 2nd period - Shot Blocked by Alexei Emelin.
11:19 of 2nd period - Shot by Alexander Radulov.
11:19 of 2nd period - Shot Misses the Net.
12:10 of 2nd period - Ondrej Palat is hit by Ryan Suter and loses puck.
12:15 of 2nd period - Shot by Ondrej Palat.
12:15 of 2nd period - Stopped by Connor Hellebuyck without a rebound.
12:16 of 2nd period - Nathan MacKinnon wins face-off versus Mark Letestu in Penguins zone.
12:22 of 2nd period - Off-side.
12:23 of 2nd period - Jamie McGinn wins face-off versus Nathan MacKinnon in neutral zone.
12:35 of 2nd period - Shot by Nathan MacKinnon.
12:35 of 2nd period - Deflect By Nikita Kucherov.
12:35 of 2nd period - Shot Misses the Net.
13:12 of 2nd period - Icing by Ryan Ellis.
13:13 of 2nd period - Nathan MacKinnon wins face-off versus Vincent Trocheck in Penguins zone.
13:47 of 2nd period - Shot by Clayton Keller.
13:47 of 2nd period - Shot Misses the Net.
14:17 of 2nd period - Shot by Mark Giordano.
14:17 of 2nd period - Stopped by Andrei Vasilevskiy without a rebound.
14:18 of 2nd period - Pierre-Luc Dubois wins face-off versus Connor McDavid in Rangers zone.
14:28 of 2nd period - Phil Kessel is hit by Alex Goligoski and loses puck.
15:54 of 2nd period - Shot by Nick Bonino.
15:54 of 2nd period - Stopped by Connor Hellebuyck without a rebound.
15:55 of 2nd period - Adrian Kempe wins face-off versus Mark Letestu in Penguins zone.
16:02 of 2nd period - Shot by Ryan Ellis.
16:02 of 2nd period - Shot Misses the Net.
17:17 of 2nd period - Shot by Nathan MacKinnon.
17:17 of 2nd period - Shot Misses the Net.
17:19 of 2nd period - Shot by Jonathan Huberdeau.
17:19 of 2nd period - Shot Blocked by Joel Edmundson.
17:21 of 2nd period - Shot by Olli Maatta.
17:21 of 2nd period - Stopped by Andrei Vasilevskiy without a rebound.
17:22 of 2nd period - Noel Acciari wins face-off versus Kevin Labanc in Rangers zone.
17:22 of 2nd period - Noel Acciari is hit by Kevin Labanc.
17:32 of 2nd period - Tim Schaller is hit by Noel Acciari.
17:48 of 2nd period - Icing by Alex Goligoski.
17:49 of 2nd period - Nick Bonino wins face-off versus Pierre-Luc Dubois in Rangers zone.
18:14 of 2nd period - Minor Penalty to Noel Acciari for Tripping.
18:15 of 2nd period - Vincent Trocheck wins face-off versus Nathan MacKinnon in Rangers zone.
19:10 of 2nd period - Shot by Mark Giordano.
19:10 of 2nd period - Stopped by Andrei Vasilevskiy without a rebound.
19:11 of 2nd period - Pierre-Luc Dubois wins face-off versus Benoit Pouliot in Rangers zone.
19:48 of 2nd period - Shot by Mark Giordano.
19:48 of 2nd period - Shot Misses the Net.
Goals for this period are 0 for Rangers vs 0 for Penguins.
Shots for this period are 5 for Rangers vs 11 for Penguins.

3rd period


0:01 of 3rd period - Nathan MacKinnon wins face-off versus Vincent Trocheck in neutral zone.
0:32 of 3rd period - Shot by David Perron.
0:32 of 3rd period - Deflect By Phil Kessel.
0:32 of 3rd period - Shot Misses the Net.
0:46 of 3rd period - Shot by David Perron.
0:46 of 3rd period - Stopped by Andrei Vasilevskiy without a rebound.
0:47 of 3rd period - Nathan MacKinnon wins face-off versus Connor McDavid in Rangers zone.
0:58 of 3rd period - Shot by Mark Giordano.
0:58 of 3rd period - Stopped by Andrei Vasilevskiy with a rebound.
1:52 of 3rd period - Icing by Nick Leddy.
1:53 of 3rd period - Pierre-Luc Dubois wins face-off versus Vincent Trocheck in Rangers zone.
2:21 of 3rd period - Icing by Michael Del Zotto.
2:22 of 3rd period - Vincent Trocheck wins face-off versus Adrian Kempe in Rangers zone.
2:22 of 3rd period - Vincent Trocheck is hit by Adrian Kempe.
2:34 of 3rd period - Shot by Anthony Mantha.
2:34 of 3rd period - Shot Blocked by Olli Maatta.
2:57 of 3rd period - Off-side.
2:58 of 3rd period - Pierre-Luc Dubois wins face-off versus Connor McDavid in neutral zone.
3:25 of 3rd period - Shot by Connor McDavid.
3:25 of 3rd period - Stopped by Connor Hellebuyck with a rebound.
3:56 of 3rd period - Noel Acciari is hit by Mark Giordano and loses puck.
3:57 of 3rd period - Noel Acciari from Rangers is injured at 3:57 of 3rd period (Sports Hernia).
3:58 of 3rd period - Vincent Trocheck wins face-off versus Nathan MacKinnon in Penguins zone.
4:24 of 3rd period - Shot by Nikita Kucherov.
4:24 of 3rd period - Shot Misses the Net.
4:36 of 3rd period - Shot by Nikita Kucherov.
4:36 of 3rd period - Shot Misses the Net.
4:38 of 3rd period - Shot by Ryan Ellis.
4:38 of 3rd period - Stopped by Andrei Vasilevskiy with a rebound.
4:40 of 3rd period - Shot by Ryan Ellis.
4:40 of 3rd period - Stopped by Andrei Vasilevskiy without a rebound.
4:41 of 3rd period - Nick Bonino wins face-off versus Clayton Keller in Rangers zone.
5:17 of 3rd period - Shot by Nick Bonino.
5:17 of 3rd period - Shot Misses the Net.
5:46 of 3rd period - Shot by Phil Kessel.
5:46 of 3rd period - Shot Misses the Net.
6:10 of 3rd period - Mark Giordano is hit by Benoit Pouliot and loses puck.
6:18 of 3rd period - Off-side.
6:19 of 3rd period - Nathan MacKinnon wins face-off versus Vincent Trocheck in neutral zone.
6:22 of 3rd period - Shot by Nikita Kucherov.
6:22 of 3rd period - Shot Misses the Net.
6:28 of 3rd period - Shot by Nikita Kucherov.
6:28 of 3rd period - Deflect By Jonathan Huberdeau.
6:28 of 3rd period - Shot Misses the Net.
8:20 of 3rd period - Shot by Cedric Paquette.
8:20 of 3rd period - Shot Misses the Net.
8:22 of 3rd period - Shot by Cedric Paquette.
8:22 of 3rd period - Stopped by Connor Hellebuyck without a rebound.
8:23 of 3rd period - Tim Schaller wins face-off versus Mark Letestu in Penguins zone.
8:23 of 3rd period - Tim Schaller is hit by Jamie McGinn.
8:31 of 3rd period - Shot by Nathan MacKinnon.
8:31 of 3rd period - Stopped by Andrei Vasilevskiy without a rebound.
8:32 of 3rd period - Nick Bonino wins face-off versus Nathan MacKinnon in Rangers zone.
8:45 of 3rd period - Shot by Nick Bonino.
8:45 of 3rd period - Stopped by Connor Hellebuyck without a rebound.
8:46 of 3rd period - Mark Letestu wins face-off versus Pierre-Luc Dubois in Penguins zone.
9:18 of 3rd period - Shot by Alex Goligoski.
9:18 of 3rd period - Shot Misses the Net.
9:20 of 3rd period - Shot by Mark Letestu.
9:20 of 3rd period - Shot Misses the Net.
10:04 of 3rd period - Ondrej Palat is hit by Nathan MacKinnon and loses puck.
10:17 of 3rd period - Shot by Jonathan Huberdeau.
10:17 of 3rd period - Stopped by Andrei Vasilevskiy without a rebound.
10:18 of 3rd period - Vincent Trocheck wins face-off versus Adrian Kempe in Rangers zone.
10:27 of 3rd period - Shot by Vincent Trocheck.
10:27 of 3rd period - Stopped by Connor Hellebuyck with a rebound.
10:54 of 3rd period - Alexander Radulov is hit by Olli Maatta and loses puck.
11:21 of 3rd period - Shot by Connor McDavid.
11:21 of 3rd period - Shot Misses the Net.
11:23 of 3rd period - Shot by Nick Bonino.
11:23 of 3rd period - Stopped by Connor Hellebuyck with a rebound.
11:25 of 3rd period - Shot by Nick Bonino.
11:25 of 3rd period - Shot Misses the Net.
11:32 of 3rd period - Icing by Olli Maatta.
11:33 of 3rd period - Max Domi wins face-off versus Benoit Pouliot in Penguins zone.
12:04 of 3rd period - Shot by Jonathan Huberdeau.
12:04 of 3rd period - Stopped by Andrei Vasilevskiy without a rebound.
12:05 of 3rd period - Alexander Radulov wins face-off versus Pierre-Luc Dubois in Rangers zone.
12:18 of 3rd period - Shot by Alexander Radulov.
12:18 of 3rd period - Shot Hit the Post.
12:43 of 3rd period - Phil Kessel is hit by Alex Goligoski and loses puck.
13:35 of 3rd period - Shot by Nathan MacKinnon.
13:35 of 3rd period - Shot Misses the Net.
13:45 of 3rd period - Shot by Connor McDavid.
13:45 of 3rd period - Deflect By James Neal.
13:45 of 3rd period - Shot Misses the Net.
13:48 of 3rd period - Icing by Olli Maatta.
13:49 of 3rd period - Nick Bonino wins face-off versus Tim Schaller in Penguins zone.
14:02 of 3rd period - Shot by Nick Bonino.
14:02 of 3rd period - Stopped by Connor Hellebuyck without a rebound.
14:03 of 3rd period - Pierre-Luc Dubois wins face-off versus Mark Letestu in Penguins zone.
14:32 of 3rd period - Shot by Phil Kessel.
14:32 of 3rd period - Shot Hit the Post.
14:34 of 3rd period - Shot by Jeff Petry.
14:34 of 3rd period - Shot Misses the Net.
14:36 of 3rd period - Shot by David Perron.
14:36 of 3rd period - Shot Blocked by Alexei Emelin.
14:38 of 3rd period - Shot by Ryan Ellis.
14:38 of 3rd period - Stopped by Andrei Vasilevskiy with a rebound.
15:40 of 3rd period - Shot by Connor McDavid.
15:40 of 3rd period - Shot Hit the Post.
15:42 of 3rd period - Shot by Ondrej Palat.
15:42 of 3rd period - Shot Blocked by Mark Giordano.
16:13 of 3rd period - Icing by Clayton Keller.
16:14 of 3rd period - Nick Bonino wins face-off versus Adrian Kempe in Penguins zone.
16:33 of 3rd period - Minor Penalty to Cedric Paquette for Slashing.
16:34 of 3rd period - Vincent Trocheck wins face-off versus Phil Kessel in Rangers zone.
17:26 of 3rd period - Shot by Nathan MacKinnon.
17:26 of 3rd period - Shot Blocked by Alexei Emelin.
17:28 of 3rd period - Shot by Mark Giordano.
17:28 of 3rd period - Goal by Mark Giordano - Rangers : 1 - Penguins : 1.
17:29 of 3rd period - Nick Bonino wins face-off versus Adrian Kempe in neutral zone.
17:39 of 3rd period - Nick Bonino is hit by Cody Ceci and loses puck.
17:47 of 3rd period - Icing by Cody Ceci.
17:48 of 3rd period - Adrian Kempe wins face-off versus Mark Letestu in Penguins zone.
18:03 of 3rd period - Shot by Max Domi.
18:03 of 3rd period - Stopped by Andrei Vasilevskiy without a rebound.
18:04 of 3rd period - Nick Bonino wins face-off versus Nathan MacKinnon in Rangers zone.
18:23 of 3rd period - Shot by Nathan MacKinnon.
18:23 of 3rd period - Stopped by Andrei Vasilevskiy without a rebound.
18:24 of 3rd period - Pierre-Luc Dubois wins face-off versus Mark Letestu in Rangers zone.
18:52 of 3rd period - Shot by Jamie McGinn.
18:52 of 3rd period - Shot Misses the Net.
19:33 of 3rd period - Shot by Anthony Mantha.
19:33 of 3rd period - Shot Misses the Net.
Goals for this period are 0 for Rangers vs 1 for Penguins.
Shots for this period are 6 for Rangers vs 11 for Penguins.

Overtime #1


0:01 of 1st overtime period - Connor McDavid wins face-off versus Nathan MacKinnon in neutral zone.
0:01 of 1st overtime period - Matt Niskanen is hit by Nikita Kucherov and loses puck.
0:12 of 1st overtime period - Shot by Nathan MacKinnon.
0:12 of 1st overtime period - Shot Misses the Net.
0:16 of 1st overtime period - Shot by Nikita Kucherov.
0:16 of 1st overtime period - Shot Misses the Net.
0:18 of 1st overtime period - Shot by Ryan Ellis.
0:18 of 1st overtime period - Shot Blocked by Matt Niskanen.
0:20 of 1st overtime period - Shot by Ryan Ellis.
0:20 of 1st overtime period - Shot Blocked by Alex Goligoski.
0:22 of 1st overtime period - Shot by Ryan Ellis.
0:22 of 1st overtime period - Shot Misses the Net.
0:24 of 1st overtime period - Shot by Jonathan Huberdeau.
0:24 of 1st overtime period - Shot Misses the Net.
0:26 of 1st overtime period - Shot by Nathan MacKinnon.
0:26 of 1st overtime period - Stopped by Andrei Vasilevskiy with a rebound.
1:11 of 1st overtime period - Shot by Vincent Trocheck.
1:11 of 1st overtime period - Stopped by Connor Hellebuyck without a rebound.
1:12 of 1st overtime period - Cedric Paquette wins face-off versus Adrian Kempe in Penguins zone.
1:35 of 1st overtime period - Shot by Vincent Trocheck.
1:35 of 1st overtime period - Stopped by Connor Hellebuyck without a rebound.
1:36 of 1st overtime period - Mark Letestu wins face-off versus Pierre-Luc Dubois in Penguins zone.
2:07 of 1st overtime period - Shot by David Perron.
2:07 of 1st overtime period - Shot Misses the Net.
2:22 of 1st overtime period - Icing by Ryan Suter.
2:23 of 1st overtime period - Connor McDavid wins face-off versus Pierre-Luc Dubois in Penguins zone.
2:36 of 1st overtime period - Shot by Ondrej Palat.
2:36 of 1st overtime period - Stopped by Connor Hellebuyck without a rebound.
2:37 of 1st overtime period - Vincent Trocheck wins face-off versus Nathan MacKinnon in Penguins zone.
2:56 of 1st overtime period - Shot by Nathan MacKinnon.
2:56 of 1st overtime period - Shot Misses the Net.
3:16 of 1st overtime period - Shot by Anthony Mantha.
3:16 of 1st overtime period - Shot Blocked by Ryan Ellis.
3:18 of 1st overtime period - Shot by Anthony Mantha.
3:18 of 1st overtime period - Stopped by Connor Hellebuyck without a rebound.
3:19 of 1st overtime period - Connor McDavid wins face-off versus Adrian Kempe in Penguins zone.
3:32 of 1st overtime period - Shot by Max Domi.
3:32 of 1st overtime period - Shot Blocked by Alex Goligoski.
3:37 of 1st overtime period - Off-side.
3:38 of 1st overtime period - Nick Bonino wins face-off versus Pierre-Luc Dubois in neutral zone.
4:07 of 1st overtime period - Shot by Nick Leddy.
4:07 of 1st overtime period - Stopped by Connor Hellebuyck without a rebound.
4:08 of 1st overtime period - Connor McDavid wins face-off versus Nathan MacKinnon in Penguins zone.
4:58 of 1st overtime period - Icing by Ryan Ellis.
4:59 of 1st overtime period - Nathan MacKinnon wins face-off versus Vincent Trocheck in Penguins zone.
6:01 of 1st overtime period - Nick Bonino is hit by Cody Ceci.
6:51 of 1st overtime period - Shot by Nathan MacKinnon.
6:51 of 1st overtime period - Stopped by Andrei Vasilevskiy without a rebound.
6:52 of 1st overtime period - Nathan MacKinnon wins face-off versus Mark Letestu in Rangers zone.
6:52 of 1st overtime period - Nathan MacKinnon is hit by Matt Niskanen.
7:02 of 1st overtime period - Shot by Jamie McGinn.
7:02 of 1st overtime period - Shot Blocked by Jonathan Huberdeau.
7:04 of 1st overtime period - Shot by Alex Goligoski.
7:04 of 1st overtime period - Shot Misses the Net.
7:06 of 1st overtime period - Shot by Mark Letestu.
7:06 of 1st overtime period - Shot Misses the Net.
7:08 of 1st overtime period - Shot by Matt Niskanen.
7:08 of 1st overtime period - Stopped by Connor Hellebuyck with a rebound.
7:10 of 1st overtime period - Shot by Alex Goligoski.
7:10 of 1st overtime period - Stopped by Connor Hellebuyck with a rebound.
7:12 of 1st overtime period - Shot by Mark Letestu.
7:12 of 1st overtime period - Shot Blocked by Jeff Petry.
7:37 of 1st overtime period - Icing by Jeff Petry.
7:38 of 1st overtime period - Nathan MacKinnon wins face-off versus Vincent Trocheck in Penguins zone.
7:40 of 1st overtime period - Icing by Jonathan Huberdeau.
7:41 of 1st overtime period - Vincent Trocheck wins face-off versus Nathan MacKinnon in Penguins zone.
7:48 of 1st overtime period - Shot by Vincent Trocheck.
7:48 of 1st overtime period - Shot Blocked by Jeff Petry.
7:50 of 1st overtime period - Shot by Vincent Trocheck.
7:50 of 1st overtime period - Stopped by Connor Hellebuyck without a rebound.
7:51 of 1st overtime period - Vincent Trocheck wins face-off versus Pierre-Luc Dubois in Penguins zone.
7:54 of 1st overtime period - Shot by Vincent Trocheck.
7:54 of 1st overtime period - Shot Misses the Net.
7:56 of 1st overtime period - Shot by Vincent Trocheck.
7:56 of 1st overtime period - Shot Misses the Net.
8:00 of 1st overtime period - Shot by Alexander Radulov.
8:00 of 1st overtime period - Shot Misses the Net.
8:10 of 1st overtime period - Shot by Alexander Radulov.
8:10 of 1st overtime period - Shot Misses the Net.
8:12 of 1st overtime period - Shot by Nick Leddy.
8:12 of 1st overtime period - Shot Blocked by Mark Giordano.
8:14 of 1st overtime period - Shot by Michael Del Zotto.
8:14 of 1st overtime period - Stopped by Connor Hellebuyck without a rebound.
8:15 of 1st overtime period - Adrian Kempe wins face-off versus Connor McDavid in Penguins zone.
8:39 of 1st overtime period - Shot by Ondrej Palat.
8:39 of 1st overtime period - Stopped by Connor Hellebuyck without a rebound.
8:40 of 1st overtime period - Nathan MacKinnon wins face-off versus Vincent Trocheck in Penguins zone.
9:03 of 1st overtime period - Shot by Vincent Trocheck.
9:03 of 1st overtime period - Stopped by Connor Hellebuyck without a rebound.
9:04 of 1st overtime period - Pierre-Luc Dubois wins face-off versus Connor McDavid in Penguins zone.
9:04 of 1st overtime period - Pierre-Luc Dubois is hit by Connor McDavid.
9:09 of 1st overtime period - Ryan Ellis is hit by Matt Niskanen and loses puck.
9:43 of 1st overtime period - Connor McDavid is hit by Jeff Petry and loses puck.
9:49 of 1st overtime period - Icing by Jeff Petry.
9:50 of 1st overtime period - Alexander Radulov wins face-off versus Pierre-Luc Dubois in Penguins zone.
9:51 of 1st overtime period - Shot by Michael Del Zotto.
9:51 of 1st overtime period - Deflect By Vincent Trocheck.
9:51 of 1st overtime period - Stopped by Connor Hellebuyck with a rebound.
10:16 of 1st overtime period - Shot by Vincent Trocheck.
10:16 of 1st overtime period - Stopped by Connor Hellebuyck without a rebound.
10:17 of 1st overtime period - Nick Bonino wins face-off versus Max Domi in Penguins zone.
10:50 of 1st overtime period - Icing by Alexei Emelin.
10:51 of 1st overtime period - Nick Bonino wins face-off versus Nathan MacKinnon in Rangers zone.
11:30 of 1st overtime period - Shot by Nathan MacKinnon.
11:30 of 1st overtime period - Stopped by Andrei Vasilevskiy with a rebound.
11:33 of 1st overtime period - Icing by Joel Edmundson.
11:34 of 1st overtime period - Nick Bonino wins face-off versus Pierre-Luc Dubois in Rangers zone.
12:10 of 1st overtime period - Minor Penalty to Jeff Petry for Holding.
12:11 of 1st overtime period - Tim Schaller wins face-off versus Connor McDavid in Penguins zone.
12:17 of 1st overtime period - Icing by Connor McDavid.
12:18 of 1st overtime period - Connor McDavid wins face-off versus Tim Schaller in Rangers zone.
12:33 of 1st overtime period - Shot by Connor McDavid.
12:33 of 1st overtime period - Shot Blocked by Ryan Suter.
12:35 of 1st overtime period - Shot by Nick Leddy.
12:35 of 1st overtime period - Shot Misses the Net.
12:37 of 1st overtime period - Shot by Ondrej Palat.
12:37 of 1st overtime period - Shot Blocked by Ryan Suter.
12:39 of 1st overtime period - Shot by Ondrej Palat.
12:39 of 1st overtime period - Shot Misses the Net.
12:47 of 1st overtime period - Shot by Connor McDavid.
12:47 of 1st overtime period - Stopped by Connor Hellebuyck with a rebound.
12:49 of 1st overtime period - Shot by Nick Leddy.
12:49 of 1st overtime period - Shot Misses the Net.
13:01 of 1st overtime period - Shot by Alex Goligoski.
13:01 of 1st overtime period - Stopped by Connor Hellebuyck without a rebound.
13:02 of 1st overtime period - Anthony Mantha wins face-off versus Tim Schaller in Penguins zone.
13:13 of 1st overtime period - Shot by Alexander Radulov.
13:13 of 1st overtime period - Shot Misses the Net.
13:15 of 1st overtime period - Shot by Alex Goligoski.
13:15 of 1st overtime period - Stopped by Connor Hellebuyck without a rebound.
13:16 of 1st overtime period - Vincent Trocheck wins face-off versus Clayton Keller in Penguins zone.
13:33 of 1st overtime period - Shot by Alex Goligoski.
13:33 of 1st overtime period - Stopped by Connor Hellebuyck with a rebound.
13:39 of 1st overtime period - Shot by Anthony Mantha.
13:39 of 1st overtime period - Deflect By Vincent Trocheck.
13:39 of 1st overtime period - Stopped by Connor Hellebuyck with a rebound.
13:41 of 1st overtime period - Shot by Alex Goligoski.
13:41 of 1st overtime period - Goal by Alex Goligoski - Rangers : 2 - Penguins : 1.
Goals for this period are 1 for Rangers vs 0 for Penguins.
Shots for this period are 19 for Rangers vs 3 for Penguins.